 Dungeon Crawl Stone Soup version 0.24-a0-715-g0b739ee41d (webtiles) character file.

Game seed: 1632062076791340373, levelgen mode: deterministic

364362 MalarOregon the Eclecticist (level 21, -13/181 HPs)
             Began as a Black Draconian Conjurer on Sept 29, 2019.
             Was the Champion of Kikubaaqudgha.
             Killed from afar by a tengu reaver (37 damage)
             ... with a bolt of magma
             ... on level 3 of the Depths on Sept 30, 2019.
             The game lasted 03:40:18 (96891 turns).

MalarOregon the Eclecticist (DrCj)                 Turns: 96891, Time: 03:40:19

Health: -13/181    AC: 23    Str: 10    XL:     21   Next: 56%
Magic:  0/43       EV: 20    Int: 27    God:    Kikubaaqudgha [******]
Gold:   2474       SH:  8    Dex: 16    Spells: 15/57 levels left

rFire    . . .     SeeInvis +   a - +10 flail of Esadeky {venom, *Noise +Inv rC+ MR++}
rCold    + . .     Gourm    .   y - +3 buckler {AC+3}
rNeg     + . .     Faith    .   (armour unavailable)
rPois    .         Spirit   .   Y - +3 crown of Dyrovepreva {rElec Int+2 SInv}
rElec    +         Reflect  .   i - scarf {cloud immunity}
rCorr    .         Harm     .   S - +2 pair of gloves
MR       ++++.                  F - +2 pair of boots
Stlth    ++........             (no amulet)
HPRegen  0.40/turn              P - ring of Lewoi {rN+ MR+ Int+3}
MPRegen  0.28/turn              (no ring)

@: flying
A: breathe lightning, unfitting armour, big wings, electricity resistance,
cold-blooded, AC +11
}: 2/15 runes: decaying, gossamer
a: Breathe Lightning, Stop Flying, Receive Corpses, Torment, Renounce Religion,
Evoke Invisibility


You were on level 3 of the Depths.
You worshipped Kikubaaqudgha.
Kikubaaqudgha was exalted by your worship.
You were not hungry.

You visited 8 branches of the dungeon, and saw 38 of its levels.

You collected 4550 gold pieces.
You spent 2076 gold pieces at shops.

Inventory:

Hand Weapons
 a - the +10 flail of Esadeky (weapon) {venom, *Noise +Inv rC+ MR++}
   (You found it on level 7 of the Dungeon)

   It poisons the flesh of those it strikes.
   It protects you from cold.
   It affects your resistance to hostile enchantments.
   It lets you turn invisible.
   It may make noises in combat.
 b - a +9 quick blade of pain
   (You subdued it on level 1 of the Elven Halls)
 g - the +8 demon trident "Notsumu" {freeze, rPois}
   (You took it off a deep elf mage on level 3 of the Elven Halls)

   It has been specially enchanted to freeze those struck by it, causing extra
   injury to most foes and up to half again as much damage against particularly
   susceptible opponents.
   It can also slow down cold-blooded creatures.
   It protects you from poison.
Missiles
 L - 2 throwing nets (quivered) {!f}
Armour
 i - a scarf of cloud immunity (worn)
   (You acquired it on level 3 of the Depths)
 y - a +3 buckler of protection (worn)
   (You took it off the Enchantress on level 1 of the Depths)
 F - a +2 pair of boots (worn)
   (You found it on level 2 of the Dungeon)
 S - a +2 pair of gloves (worn)
   (You found it on level 10 of the Dungeon)
 Y - the +3 crown of Dyrovepreva (worn) {rElec Int+2 SInv}
   (You found it on level 12 of the Dungeon)

   It affects your intelligence (+2).
   It insulates you from electricity.
   It lets you see invisible.
Magical Staves
 K - an uncursed staff of air
   (You found it on level 3 of the Elven Halls)
Jewellery
 l - an uncursed ring of protection from magic
   (You took it off a deep elf demonologist on level 3 of the Elven Halls)
 o - an uncursed ring of protection from cold
   (You found it on level 1 of the Lair of Beasts)
 q - an uncursed ring of resist corrosion
   (You found it on level 3 of the Dungeon)
 J - a +4 ring of intelligence
   (You took it off a centaur warrior on level 2 of the Depths)
 P - the ring of Lewoi (left hand) {rN+ MR+ Int+3}
   (You took it off a tengu warrior on level 2 of the Depths)

   [ring of protection from magic]

   It affects your intelligence (+3).
   It protects you from negative energy.
   It affects your resistance to hostile enchantments.
Wands
 c - a wand of disintegration (60)
   (You found it on level 8 of the Dungeon)
 d - a wand of iceblast (28)
   (You found it on level 3 of the Lair of Beasts)
 t - a wand of flame (63)
   (You found it on level 12 of the Dungeon)
 u - a wand of paralysis (29)
   (You found it on level 5 of the Dungeon)
 v - a wand of digging (18)
   (You bought it in a shop on level 1 of the Depths)
 x - a wand of acid (12)
   (You found it on level 10 of the Dungeon)
 z - a wand of clouds (2)
   (You took it off a centaur on level 15 of the Dungeon)
 G - a wand of polymorph (30)
   (You found it on level 2 of the Lair of Beasts)
 Q - a wand of enslavement (6)
   (You found it on level 6 of the Lair of Beasts)
Scrolls
 j - 4 scrolls of teleportation {@r4}
 k - 2 scrolls of blinking
 w - 5 scrolls of enchant weapon
 A - 8 scrolls of fog
 C - 8 scrolls of immolation {!r}
 M - a scroll of fear
 N - 11 scrolls of remove curse {@r2}
 O - a scroll of enchant armour
 R - 2 scrolls of magic mapping
 T - 2 scrolls of identify {@r1}
 Z - a scroll of vulnerability {!r}
Potions
 f - 5 potions of heal wounds {@q2}
 h - 6 potions of haste {@q3}
 m - 16 potions of curing {@q1}
 n - 5 potions of magic
 p - 5 potions of mutation {!q}
 r - 3 potions of ambrosia
 s - 5 potions of resistance
 B - 3 potions of lignification {!q}
 E - 2 potions of cancellation
 H - 4 potions of invisibility
 I - 11 potions of brilliance
 V - 4 potions of berserk rage
 W - 4 potions of might
Miscellaneous
 X - 2 phantom mirrors
Comestibles
 e - 9 rations {!d}


   Skills:
 + Level 14.1 Fighting
 - Level 16.0 Short Blades
 + Level 5.4 Maces & Flails
 + Level 5.3 Polearms
 + Level 10.7 Dodging
 - Level 1.7 Stealth
 + Level 5.3 Shields
 * Level 18.9 Spellcasting
 * Level 13.2 Conjurations
 * Level 13.3 Necromancy
 * Level 16.3 Air Magic
 + Level 9.2 Evocations


You had 15 spell levels left.
You knew the following spells:

 Your Spells              Type           Power        Failure   Level  Hunger
a - Airstrike             Air            #######...   1%          4    None
b - Iskenderun's Mystic   Conj           #######.     1%          4    None
d - Dispel Undead         Necr           #######.     1%          5    None
f - Death Channel         Necr           #######...   1%          6    ##.....
g - Agony                 Necr           #######.     1%          5    None
s - Dazzling Spray        Conj/Hex       ######       1%          3    None
u - Animate Dead          Necr           N/A          1%          4    None
x - Bolt of Draining      Conj/Necr      #######...   1%          5    None
z - Lightning Bolt        Conj/Air       #######...   1%          5    None
O - Shock                 Conj/Air       ####         0%          1    None

Your spell library contained the following spells:

 Spells                   Type           Power        Failure   Level  Hunger
 Animate Skeleton         Necr           N/A          0%          1    None
 Magic Dart               Conj           ####         0%          1    None
 Pain                     Necr           ####         0%          1    None
 Corpse Rot               Necr           N/A          0%          2    None
 Searing Ray              Conj           ######       0%          2    None
 Sublimation of Blood     Necr           #######...   0%          2    None
 Static Discharge         Conj/Air       #######.     0%          3    None
 Apportation              Tloc           ####..       1%          1    None
 Confusing Touch          Hex            ####..       1%          1    None
 Freeze                   Ice            ####         1%          1    None
 Sandblast                Erth           ####..       1%          1    None
 Summon Butterflies       Summ           ####....     1%          1    None
 Summon Small Mammal      Summ           ####         1%          1    None
 Swiftness                Chrm/Air       ######..     1%          2    None
 Throw Frost              Conj/Ice       ######       1%          2    None
 Regeneration             Chrm/Necr      ######....   1%          3    None
 Vampiric Draining        Necr           #######...   1%          3    None
 Force Lance              Conj/Tloc      ######..     1%          4    None
 Fulminant Prism          Conj/Hex       ######....   1%          4    None
 Sticky Flame             Conj/Fire      ######..     1%          4    None
 Throw Icicle             Conj/Ice       ######..     1%          4    None
 Silence                  Hex/Air        ######....   1%          5    None
 Conjure Ball Lightning   Conj/Air       #######...   1%          6    ##.....
 Ensorcelled Hibernation  Hex/Ice        ####..       2%          2    None
 Song of Slaying          Chrm           ####....     2%          2    None
 Borgnjor's Vile Clutch   Necr/Erth      ######....   3%          5    None
 Excruciating Wounds      Chrm/Necr      ######....   3%          5    None
 Fireball                 Conj/Fire      ######....   3%          5    None
 Irradiate                Conj/Tmut      ######....   3%          5    None
 Iskenderun's Battlesphe  Conj/Chrm      ######..     3%          5    None
 Confuse                  Hex            ####....     5%          3    None
 Gell's Gravitas          Tloc           ####......   5%          3    None
 Ignite Poison            Fire/Tmut/Pois ####....     5%          3    None
 Ozocubu's Armour         Chrm/Ice       ####....     5%          3    None
 Recall                   Summ/Tloc      N/A          5%          3    None
 Bolt of Magma            Conj/Fire/Erth #####.....   8%          5    None
 Ice Form                 Ice/Tmut       ####....     17%         4    None
 Petrify                  Tmut/Erth      ####....     17%         4    None
 Summon Ice Beast         Ice/Summ       ####....     17%         4    None
 Bolt of Fire             Conj/Fire      ######....   17%         6    ##.....
 Iron Shot                Conj/Erth      ######....   17%         6    ##.....
 Simulacrum               Ice/Necr       ######....   17%         6    ##.....
 Lee's Rapid Deconstruct  Erth           ####......   43%         5    None
 Metabolic Englaciation   Hex/Ice        ####......   43%         5    None
 Yara's Violent Unravell  Hex/Tmut       ####......   43%         5    None
 Spellforged Servitor     Conj/Summ      ######....   67%         7    ####...
 Darkness                 Hex            ####......   95%         6    ##.....
 Ozocubu's Refrigeration  Ice            ####......   95%         6    ##.....
 Shadow Creatures         Summ           N/A          95%         6    ##.....
 Statue Form              Tmut/Erth      ####.....    95%         6    ##.....
 Dragon Form              Tmut           ####......   100%        7    ####...
 Ring of Flames           Chrm/Fire      ####......   100%        7    ####...
 Ignition                 Fire           ####......   100%        8    ######.
 Shatter                  Erth           ####......   100%        9    #######


Dungeon Overview and Level Annotations

Branches:
Dungeon (15/15)            Temple (1/1) D:5            Lair (6/6) D:9
  Swamp (4/4) Lair:4       Spider (4/4) Lair:2        Slime (0/5) Lair:5
    Orc (2/2) D:11            Elf (3/3) Orc:2        Vaults (0/5) D:14
 Depths (3/5) D:15

Altars:
Ashenzari
Cheibriados
Dithmenos
Elyvilon
Fedhas
Gozag
Hepliaklqana
Kikubaaqudgha
Makhleb
Nemelex Xobeh
Okawaru
Qazlal
Ru
Sif Muna
Trog
Uskayaw
Vehumet
Wu Jian
Xom
Yredelemnul
Zin
The Shining One
Beogh
Lugonu

Shops:
D:15 *   Orc:1 *   Orc:2 *}=?   Elf:2 =   Depths:1 *

Portals:
Hell: Depths:1 Depths:2 Depths:3
Abyss: Depths:2


Innate Abilities, Weirdness & Mutations

You can breathe wild blasts of lightning.
Your glossy black scales are hard. (AC +11)
You cannot fit into any form of body armour.
Your large and strong wings let you fly indefinitely.
You are resistant to electric shocks. (rElec)
You are cold-blooded and may be slowed by cold attacks.


Message History

The air twists around and violently strikes the tengu reaver!
You don't have enough magic to cast that spell.
You thump the tengu reaver!
The tengu reaver is poisoned.
The tengu reaver hits you with a +2 battleaxe of chopping!
The tengu reaver pecks you but does no damage.
The tengu reaver misses you.
You sock the tengu reaver!
Your tail-slap misses the tengu reaver.
The tengu reaver gestures wildly while chanting.
The tengu reaver conjures a globe of magical energy!
A battlesphere comes into view.
You sock the tengu reaver!
The tengu reaver looks as sick as possible!
The tengu reaver gestures at you while chanting.
The bolt of magma hits you!
The battlesphere fires!
The barrage of energy hits you!!
You sock the tengu reaver!
Your tail-slap misses the tengu reaver.
The tengu reaver points at you and mumbles some strange words.
The bolt of magma hits you!!
The battlesphere fires!
The barrage of energy hits you but does no damage.
You closely miss the tengu reaver.
Your flail of Esadeky argues with itself.
You tail-slap the tengu reaver, but do no damage.
The tengu reaver hits you but does no damage.
The tengu reaver completely misses you. You block the tengu reaver's attack.
You closely miss the tengu reaver. The tengu reaver casts a spell at you.
The bolt of magma hits you!!!
* * * LOW HITPOINT WARNING * * *
The battlesphere fires!
The barrage of energy hits you.
* * * LOW HITPOINT WARNING * * *
You hit the tengu reaver.
The tengu reaver gestures at you while chanting.
The bolt of magma misses you.
The battlesphere fires!
The barrage of energy hits you!!
* * * LOW HITPOINT WARNING * * *
You hit the tengu reaver.
The tengu reaver looks as sick as possible!
Your tail-slap misses the tengu reaver.
The tengu reaver hits you with a +2 battleaxe of chopping!
* * * LOW HITPOINT WARNING * * *
* * * LOW HITPOINT WARNING * * *
The tengu reaver pecks you.
* * * LOW HITPOINT WARNING * * *
The tengu reaver completely misses you.
Aim: a tengu reaver, wielding a +2 battleaxe of chopping and wearing a +2 scale mail of fire resistance (severely wounded, poisoned)
The air twists around and violently strikes the tengu reaver!
The tengu reaver gestures at you while chanting.
The bolt of magma hits you!!!
You die...
Kikubaaqudgha rasps: "You have failed me!
Welcome... death!"

#......##
##....##
#..###
#'## #..#
#..# #..#
##Q###
#?$@!#
#"!%?#
#[$!('.
#(*)?###
######


You could see a tengu reaver and a battlesphere.

Vanquished Creatures
  An ancient lich (Depths:2)
  2 juggernauts (Depths:3)
  Bai Suzhen (Depths:1)
  the Enchantress (Depths:1)
  Arachne (Spider:4)
  4 liches
  5 deep elf master archers (Elf:3)
  5 deep elf blademasters
  A sphinx (Depths:2)
  5 thorn hunters (Swamp:2)
  A tengu reaver (Depths:3)
  A storm dragon (Depths:3)
  Roxanne (Spider:4)
  Agnes (D:14)
  4 fire giants
  6 deep elf sorcerers
  An iron dragon (Depths:1)
  5 frost giants
  5 ghost moths
  2 emperor scorpions (Spider:4)
  2 deep elf elementalists (Elf:3)
  7 spriggan defenders
  8 stone giants
  9 very ugly things
  The ghost of Zawski the Severer, a journeyman HOBe of Trog (Lair:4)
  3 deep elf demonologists
  2 entropy weavers
  5 vampire knights
  3 spark wasps
  9 deep elf annihilators
  A merfolk javelineer (Depths:3)
  4 ettins
  6 fire dragons
  Josephine (D:14)
  6 deep elf death magi
  3 yaktaur captains
  Harold (Lair:2)
  22 hydras
  4 great orbs of eyes
  3 ice dragons
  2 ghost crabs
  5 spriggan air magi
  4 rakshasas
  A vault guard (D:14)
  A shambling mangrove (Swamp:4)
  5 centaur warriors
  14 two-headed ogres
  A death knight (D:15)
  A queen ant (D:10)
  21 dancing weapons
  3 catoblepae (Lair:6)
  The ghost of glosham the Thaumaturge, a journeyman KoAK of Lugonu (Orc:1)
  10 ogre magi
  8 death yaks
  5 spriggan berserkers
  3 tengu warriors
  8 alligators
  7 deep troll earth magi
  3 deep troll shamans
  2 vampire magi (Depths:2)
  The ghost of PeterQ the Covert, a journeyman VSAs of Wu Jian (Lair:1)
  34 spriggans
  An iron troll (Depths:2)
  A hell knight (D:15)
  9 skeletal warriors
  19 deep elf knights
  6 spriggan druids
  An unseen horror (D:15)
  4 glowing orange brains
  5 deep trolls
  18 deep elf archers
  10 swamp dragons
  7 wizards (Depths:2)
  An orc knight (Orc:2)
  21 orb spiders
  20 wolf spiders
  55 deep elf magi
  A harpy (shapeshifter) (Depths:3)
  32 ugly things
  6 cyclopes
  9 manticores
  2 moths of wrath
  2 elephants (shapeshifter)
  6 black mambas
  3 centaur zombies
  2 black mambas (shapeshifter) (D:15)
  Psyche (D:8)
  2 gargoyles
  A torpor snail (Spider:4)
  8 spiny frogs
  9 yaktaurs
  2 kobold demonologists
  An efreet (D:13)
  5 spectral swamp worms (Depths:2)
  A spiny frog (shapeshifter) (D:15)
  5 demonic crawlers
  A komodo dragon (shapeshifter) (Depths:3)
  4 freezing wraiths (D:15)
  8 komodo dragons
  A red devil (Depths:3)
  A wolf spider simulacrum (D:14)
  31 jumping spiders
  6 tengu conjurers
  A hornet (shapeshifter) (D:12)
  3 meliai (Spider:4)
  2 polar bears
  12 trolls
  33 hornets
  7 tyrant leeches
  17 blink frogs
  A raiju (shapeshifter) (D:15)
  7 hippogriffs
  26 slime creatures
  11 bog bodies
  25 tarantellas
  3 shadows
  3 air elementals
  77 redbacks
  9 wraiths
  8 water elementals
  55 yaks
  5 fire elementals
  Eustachio (D:4)
  3 basilisks
  Grum (D:8)
  A human (shapeshifter) (D:13)
  A hungry ghost (D:8)
  18 vampire mosquitoes
  15 insubstantial wisps
  2 wargs (Orc:2)
  5 soldier ants
  12 swamp worms
  5 water moccasins
  9 porcupines
  3 black bears
  21 orc warriors
  An ice beast (shapeshifter) (D:14)
  A sky beast (shapeshifter) (Depths:3)
  5 sky beasts
  11 swamp drakes
  A hornet zombie (D:15)
  2 eyes of draining
  3 necrophages
  5 ice beasts
  42 ogres
  A phantom (D:11)
  47 wolves
  18 centaurs
  7 boggarts
  6 crocodiles
  A big kobold (D:12)
  13 bullfrogs
  2 gnoll sergeants
  2 earth elementals
  A wyvern skeleton (D:11)
  9 scorpions
  7 killer bees
  7 wights
  3 electric eels
  6 crimson imps
  2 howler monkeys (D:9)
  2 bullfrog zombies
  7 hounds
  17 orc priests
  2 bullfrog skeletons
  4 iguanas
  3 jellies
  18 orc wizards
  2 centaur skeletons
  Jessica (D:3)
  Natasha (thrice) (D:3)
  11 hell rats
  23 worker ants
  12 adders
  16 gnolls
  14 river rats
  4 shadow imps
  An ooze (D:3)
  An adder skeleton (D:5)
  2 worms (shapeshifter) (Depths:2)
  5 worms
  7 leopard geckos
  69 orcs
  7 bats
  2 giant cockroaches
  5 goblins
  4 hobgoblins
  9 jackals
  10 kobolds
  13 quokkas
  2 ball pythons
  2 frilled lizards (D:2)
  A quokka skeleton (D:4)
  20 rats
  3 plants
1528 creatures vanquished.

Vanquished Creatures (collateral kills)
  An orb spider (Spider:4)
  A wolf spider (Spider:4)
  An ugly thing (D:15)
  6 jumping spiders (Spider:4)
  5 redbacks (Spider:4)
  A wraith (D:15)
  A wolf (Lair:6)
  An orc wizard (D:15)
  An orc (D:15)
18 creatures vanquished.

Vanquished Creatures (others)
  A swamp dragon (Swamp:4)
  A deep elf mage (Elf:3)
  A wolf spider (Spider:4)
  An insubstantial wisp (Swamp:4)
  An orc priest (D:5)
  An orc (D:3)
  2 briar patches (Swamp:3)
  8 bushes (Depths:1)
  7 fungi
  47 plants
70 creatures vanquished.

Grand Total: 1616 creatures vanquished

Notes
Turn   | Place    | Note
-------+----------+-------------------------------------------
     0 | D:1      | MalarOregon the Draconian Conjurer began the quest for the
                  | Orb.
     0 | D:1      | Reached XP level 1. HP: 14/14 MP: 3/3
   539 | D:1      | Reached XP level 2. HP: 16/22 MP: 1/5
  1033 | D:1      | Reached skill level 1 in Fighting
  1407 | D:2      | Reached XP level 3. HP: 28/28 MP: 6/6
  2712 | D:3      | Learned a level 3 spell: Dazzling Spray
  2773 | D:3      | Reached XP level 4. HP: 36/36 MP: 7/7
  2996 | D:3      | Reached skill level 5 in Conjurations
  3034 | D:3      | Noticed Jessica
  3034 | D:3      | Noticed Natasha
  3186 | D:3      | Killed Natasha
  3197 | D:3      | Noticed Natasha
  3354 | D:3      | Killed Natasha
  3354 | D:3      | Reached XP level 5. HP: 28/42 MP: 9/9
  3593 | D:3      | Killed Jessica
  3593 | D:3      | Reached skill level 3 in Spellcasting
  3779 | D:3      | Noticed Natasha
  3784 | D:3      | Killed Natasha
  3852 | D:3      | Reached XP level 6. HP: 51/51 MP: 10/10
  3885 | D:3      | Learned a level 4 spell: Iskenderun's Mystic Blast
  5088 | D:4      | Noticed Eustachio
  5118 | D:3      | Your scales start taking on a glossy black colour.
  5118 | D:3      | Reached XP level 7. HP: 36/58 MP: 10/12
  5118 | D:3      | Gained mutation: You are resistant to electric shocks.
                  | (rElec) [Black Draconian growth]
  5418 | D:4      | Killed Eustachio
  5418 | D:4      | Reached skill level 4 in Spellcasting
  6044 | D:4      | Found a bloodstained altar of Trog.
  6369 | D:5      | Entered Level 5 of the Dungeon
  6524 | D:5      | Found a blossoming altar of Fedhas.
  6758 | D:5      | Found a staircase to the Ecumenical Temple.
  6766 | Temple   | Entered the Ecumenical Temple
  6903 | Temple   | Became a worshipper of Kikubaaqudgha
  6946 | D:5      | Reached XP level 8. HP: 67/67 MP: 14/14
  7109 | D:5      | Identified a scroll of acquirement
  7117 | D:5      | Learned a level 5 spell: Bolt of Draining
  7346 | D:5      | Paralysed by an orc priest for 7 turns
  7539 | D:5      | Reached skill level 5 in Fighting
  7539 | D:5      | Reached skill level 1 in Necromancy
  7844 | D:6      | Reached skill level 5 in Spellcasting
  8770 | D:6      | Found a shattered altar of Ashenzari.
  8935 | D:7      | Got a dazzling flail
  8936 | D:7      | Identified the +10 flail of Esadeky {venom, *Noise +Inv rC+
                  | MR++} (You found it on level 7 of the Dungeon)
  9977 | D:8      | Reached XP level 9. HP: 75/75 MP: 17/17
 10053 | D:8      | Reached skill level 5 in Necromancy
 10193 | D:8      | Noticed Psyche
 10198 | D:8      | Killed Psyche
 10198 | D:8      | Reached skill level 6 in Spellcasting
 10763 | D:8      | Noticed Grum
 10791 | D:8      | Killed Grum
 11371 | D:8      | Reached XP level 10. HP: 83/83 MP: 19/19
 11583 | D:9      | Noticed a death yak
 11628 | D:9      | Reached * piety under Kikubaaqudgha
 11628 | D:9      | Identified Kikubaaqudgha's Reference Book on Evil
                  | (Kikubaaqudgha gifted it to you on level 9 of the Dungeon)
 11628 | D:9      | Received a gift from Kikubaaqudgha
 11952 | D:9      | Noticed a two-headed ogre
 12082 | D:9      | Killed a two-headed ogre
 12082 | D:9      | Reached skill level 7 in Spellcasting
 12346 | D:9      | Noticed a death yak
 12349 | D:9      | Noticed a death yak
 12367 | D:9      | Killed a death yak
 12369 | D:9      | Killed a death yak
 12369 | D:9      | Reached skill level 10 in Necromancy
 12391 | D:9      | Killed a death yak
 12391 | D:9      | Reached skill level 10 in Conjurations
 12391 | D:9      | Reached XP level 11. HP: 29/89 MP: 1/21
 12648 | D:9      | Found a staircase to the Lair.
 12879 | D:9      | Reached ** piety under Kikubaaqudgha
 13290 | D:9      | Reached skill level 1 in Evocations
 13633 | Lair:1   | Entered Level 1 of the Lair of Beasts
 14147 | Lair:1   | Reached *** piety under Kikubaaqudgha
 14147 | Lair:1   | Identified Kikubaaqudgha's Almanac of Necromancy
                  | (Kikubaaqudgha gifted it to you on level 1 of the Lair of
                  | Beasts)
 14147 | Lair:1   | Received a gift from Kikubaaqudgha
 14154 | Lair:1   | Learned a level 4 spell: Animate Dead
 14160 | Lair:1   | Learned a level 5 spell: Dispel Undead
 14554 | Lair:1   | Noticed PeterQ's ghost (journeyman VSAs)
 14558 | Lair:1   | Found a transporter.
 14673 | Lair:1   | Noticed a four-headed hydra
 14908 | Lair:1   | Reached **** piety under Kikubaaqudgha
 14914 | Lair:1   | Killed a four-headed hydra
 14914 | Lair:1   | Reached skill level 5 in Dodging
 15075 | Lair:1   | Found a transporter.
 15774 | Lair:1   | Killed PeterQ's ghost
 16074 | Lair:2   | Reached skill level 8 in Spellcasting
 16273 | Lair:2   | Reached XP level 12. HP: 100/100 MP: 22/24
 16525 | Lair:2   | Noticed Harold
 16623 | Lair:2   | Found an ornate altar of the Wu Jian Council.
 16832 | Lair:2   | Noticed a five-headed hydra
 16835 | Lair:2   | Killed a five-headed hydra
 16976 | Lair:2   | Found a hole to the Spider Nest.
 17227 | Lair:2   | Killed Harold
 17963 | Lair:3   | Found an iron altar of Okawaru.
 17964 | Lair:3   | Reached skill level 5 in Evocations
 18835 | Lair:3   | Learned a level 1 spell: Shock
 19133 | Lair:4   | Noticed a four-headed hydra
 19137 | Lair:4   | Killed a four-headed hydra
 19137 | Lair:4   | Reached skill level 1 in Air Magic
 19206 | Lair:4   | Noticed a four-headed hydra
 19212 | Lair:4   | Killed a four-headed hydra
 19342 | Lair:4   | Reached skill level 9 in Spellcasting
 19578 | Lair:4   | Noticed a five-headed hydra
 19584 | Lair:4   | Killed a five-headed hydra
 19726 | Lair:4   | Found a runed translucent door.
 19726 | Lair:4   | Noticed Zawski's ghost (journeyman HOBe)
 19728 | Lair:4   | Identified the cursed +2 trident "Nonnuk" {pain, Int+5}
 19839 | Lair:4   | Found a staircase to the Swamp.
 19850 | Lair:4   | Reached XP level 13. HP: 93/111 MP: 26/26
 20706 | Lair:5   | Found a staircase to the Slime Pits.
 21025 | Lair:5   | Learned a level 4 spell: Airstrike
 21052 | Lair:6   | Entered Level 6 of the Lair of Beasts
 22459 | Lair:6   | Reached ***** piety under Kikubaaqudgha
 23948 | Lair:6   | Reached skill level 5 in Air Magic
 24102 | Lair:5   | Reached skill level 10 in Fighting
 24803 | Lair:6   | Reached skill level 10 in Spellcasting
 25474 | D:10     | Entered Level 10 of the Dungeon
 25519 | D:10     | Learned a level 5 spell: Lightning Bolt
 25677 | D:10     | Reached skill level 1 in Short Blades
 26278 | D:10     | Paralysed by a hornet for 1 turns
 27000 | D:11     | Found a staircase to the Orcish Mines.
 27090 | D:11     | Gained mutation: Your large and strong wings let you fly
                  | indefinitely. [Black Draconian growth]
 27090 | D:11     | Reached XP level 14. HP: 93/120 MP: 4/28
 28118 | D:11     | Found the +5 scythe "Finisher" {speed, eviscerate}
 29544 | D:12     | Found the +3 crown of Dyrovepreva {rElec Int+2 SInv}
 29717 | D:13     | Reached skill level 5 in Short Blades
 31047 | D:13     | Reached ****** piety under Kikubaaqudgha
 31961 | D:14     | Noticed Josephine
 32146 | D:14     | Reached skill level 11 in Spellcasting
 32156 | D:14     | Killed Josephine
 33039 | D:14     | Noticed Agnes
 33046 | D:14     | Killed Agnes
 33844 | D:14     | Found a gate to the Vaults.
 34013 | D:15     | Entered Level 15 of the Dungeon
 34325 | D:15     | Reached skill level 10 in Dodging
 34326 | D:15     | Found a staircase to the Depths.
 34338 | D:15     | Reached XP level 15. HP: 127/127 MP: 3/30
 34531 | D:15     | Found Haes's Assorted Antiques.
 34549 | D:15     | Bought a scroll labeled GIMEACSARO for 34 gold pieces
 34549 | D:15     | Bought a papyrus book for 510 gold pieces
 34549 | D:15     | Bought a scroll of immolation for 119 gold pieces
 34549 | D:15     | Bought a wand of enslavement (6) for 68 gold pieces
 34549 | D:15     | Bought a potion of curing for 102 gold pieces
 34549 | D:15     | Bought a potion of invisibility for 272 gold pieces
 34549 | D:15     | Bought a scroll of fear for 119 gold pieces
 34834 | D:15     | Reached skill level 10 in Air Magic
 35672 | D:15     | Found a roughly hewn altar of Beogh.
 37346 | D:15     | Found a large runed translucent door.
 37346 | D:15     | Found a large runed translucent door.
 37543 | D:15     | Reached skill level 10 in Short Blades
 37834 | D:15     | Found a radiant altar of Vehumet.
 37912 | D:15     | Found a white marble altar of Elyvilon.
 38078 | Orc:1    | Entered Level 1 of the Orcish Mines
 38301 | Orc:2    | Entered Level 2 of the Orcish Mines
 39056 | Orc:2    | Reached skill level 12 in Spellcasting
 39320 | Orc:2    | Found Sigeoh's General Store.
 40211 | Orc:2    | Found Paogeomo's Jewellery Shoppe.
 40212 | Orc:2    | Found Yhyicaum's Magic Scroll Shop.
 40222 | Orc:2    | Found Haurph's Gadget Shoppe.
 40225 | Orc:2    | Bought a scroll of amnesia for 45 gold pieces
 40261 | Orc:2    | Found a staircase to the Elven Halls.
 41010 | Orc:1    | Found Geptij's Assorted Antiques.
 41023 | Orc:1    | Bought a scroll labeled OHUSYQ KUATU for 27 gold pieces
 41023 | Orc:1    | Bought a twisted wooden wand for 108 gold pieces
 41164 | Orc:1    | Found a large runed translucent door.
 41177 | Orc:1    | Found a large runed translucent door.
 41179 | Orc:1    | Noticed glosham's ghost (journeyman KoAK)
 41550 | Orc:1    | Killed glosham's ghost
 41842 | Spider:1 | Entered Level 1 of the Spider Nest
 42337 | Spider:1 | Reached XP level 16. HP: 139/139 MP: 30/32
 45249 | Spider:2 | You fall into a shaft and drop 1 floor!
 47610 | Spider:4 | Entered Level 4 of the Spider Nest
 48262 | Spider:4 | Reached skill level 13 in Spellcasting
 48772 | Spider:4 | Identified Roxanne's Volume of Stones
 48772 | Spider:4 | Noticed Roxanne
 48776 | Spider:4 | Noticed Arachne
 48804 | Spider:4 | Killed Arachne
 49668 | Spider:4 | Killed Roxanne
 52123 | Spider:4 | Reached XP level 17. HP: 150/150 MP: 18/34
 54801 | Spider:4 | Got a gossamer rune of Zot
 55004 | Swamp:1  | Entered Level 1 of the Swamp
 57912 | Swamp:2  | Reached skill level 14 in Spellcasting
 61243 | Swamp:4  | Entered Level 4 of the Swamp
 61333 | Swamp:4  | Reached skill level 15 in Air Magic
 62344 | Swamp:3  | Reached XP level 18. HP: 61/160 MP: 3/36
 63309 | Swamp:4  | Reached skill level 15 in Spellcasting
 63781 | Swamp:4  | Got a decaying rune of Zot
 64761 | Lair:4   | Killed Zawski's ghost
 65126 | D:9      | Learned a level 6 spell: Death Channel
 65132 | D:9      | Learned a level 5 spell: Agony
 65245 | Elf:1    | Entered Level 1 of the Elven Halls
 67459 | Elf:1    | You are sucked into a shaft and drop 1 floor!
 67675 | Elf:2    | Found Duik's Jewellery Boutique.
 67693 | Elf:1    | Reached skill level 16 in Spellcasting
 68456 | Elf:1    | Identified Ruenwid's Reference Book on Conjuration
 71005 | Elf:2    | Found a runed translucent gate.
 71006 | Elf:2    | Found a runed translucent gate.
 71009 | Elf:2    | Found a runed translucent gate.
 71216 | Elf:2    | Reached skill level 17 in Spellcasting
 71881 | Elf:1    | Identified a +3 quick blade of pain (a +1 vampiric quick
                  | blade bloodied by Kikubaaqudgha)
 71881 | Elf:1    | Received a gift from Kikubaaqudgha
 73086 | Elf:2    | Found Duik's Jewellery Boutique.
 73608 | Elf:3    | Entered Level 3 of the Elven Halls
 73767 | Elf:3    | Reached XP level 19. HP: 162/167 MP: 40/40
 75326 | Elf:3    | Reached skill level 18 in Spellcasting
 75359 | Elf:3    | HP: 8/167 [deep elf blademaster/+1 rapier of draining (18)]
 76140 | Elf:3    | Reached skill level 15 in Short Blades
 76349 | Elf:3    | Identified the +8 demon trident "Notsumu" {freeze, rPois}
 76353 | Elf:3    | Identified the +5 scale mail of the Louse {Str+2 Dex+5}
 77436 | Elf:3    | Identified the ring "Gofot" {rN+ SInv}
 77846 | Elf:3    | Got a smoking dire flail
 77848 | Elf:3    | Identified the Tome of Dusty Darkness
 77875 | Elf:3    | Identified the cursed +1 dire flail "Zymnah" {speed, rC-
                  | rN+ Str+7} (You found it on level 3 of the Elven Halls)
 77974 | Elf:3    | Identified the Handbook of Unstable Boosts
 77977 | Elf:3    | Identified the Grimoire of Victory
 78604 | Depths:1 | Entered Level 1 of the Depths
 79203 | D:15     | Reached skill level 1 in Maces & Flails
 79203 | D:15     | Reached skill level 1 in Shields
 79364 | Depths:1 | Found a gateway to Hell.
 79391 | Depths:1 | Reached skill level 1 in Polearms
 82260 | Depths:1 | Reached XP level 20. HP: 174/174 MP: 22/42
 82448 | Depths:1 | Found Tod Upap's Pet Rocks.
 82456 | Depths:1 | Bought a wand of digging (7) for 352 gold pieces
 82456 | Depths:1 | Bought a wand of digging (6) for 320 gold pieces
 82905 | Depths:2 | Noticed the Enchantress
 83845 | Depths:1 | Found a gateway to Hell.
 84120 | Depths:1 | Found Tod Upap's Pet Rocks.
 84734 | Depths:1 | Killed the Enchantress
 85725 | Depths:2 | Noticed Bai Suzhen
 85799 | Depths:1 | Killed Bai Suzhen
 86787 | Depths:2 | Identified the +1 mace of Foul Odors {speed, Fragile rPois
                  | rC+++ Dex+4} (You found it on level 2 of the Depths)
 87443 | Depths:2 | Noticed an ancient lich
 88115 | Depths:2 | Identified the +0 ring mail "Foirr" {Dex+7}
 88115 | Depths:2 | Identified the ring of Lewoi {rN+ MR+ Int+3}
 88883 | Depths:2 | Identified the +8 dagger of Death {protect, Str+4 SInv}
 89285 | Depths:2 | Identified the +9 trident "Fitratsy" {elec, +Fly Str+2
                  | Int+4}
 89713 | Depths:2 | Identified the Incunabulum of the Floating Escort
 89902 | Depths:2 | Killed an ancient lich
 90391 | Depths:2 | Identified the Reference Book on Summoning and Damage
                  | Dealing
 90513 | Depths:2 | Found a corrupted altar of Lugonu.
 90513 | Depths:2 | Found a one-way gate to the infinite horrors of the Abyss.
 91470 | Depths:3 | Reached XP level 21. HP: 120/181 MP: 23/43
 92835 | Depths:2 | HP: 7/181 [green very ugly thing (7)]
 93846 | Depths:3 | Paralysed by a great orb of eyes for 7 turns
 95017 | Depths:3 | Reached skill level 5 in Maces & Flails
 95019 | Depths:3 | Noticed a golden dragon
 95545 | Depths:2 | Reached skill level 5 in Shields
 95806 | Depths:3 | Reached skill level 5 in Polearms
 96434 | Depths:3 | Noticed a juggernaut
 96599 | Depths:3 | Killed a juggernaut
 96782 | Depths:3 | Noticed a juggernaut
 96793 | Depths:3 | Killed a juggernaut
 96891 | Depths:3 | Killed from afar by a tengu reaver

Levels and vault maps discovered:
D:1:      eino_arrival_water_cross, layout_basic
D:2:      layout_loops_ring, first_ration, minmay_tripent
D:3:      layout_loops_ring, uniq_jessica, uniq_natasha
D:4:      layout_basic, bloody_trog, uniq_eustachio
D:5:      layout_basic, minmay_temple_entry_wispy, fedhas_altar_4
D:6:      layout_cave_pods, nicolae_overflow_crystal_walls
D:7:      layout_layer_cave, roderic_roman_lattice
D:8:      layout_gridville, uniq_grum, uniq_psyche
D:9:      layout_stronghold, dpeg_lair_monsters
D:10:     layout_basic, hangedman_pestilent_swarm, minmay_another_anthill
D:11:     layout_loops_ring, orc_0_dummy, serial_co_window_serial,
          co_window_corner_a, co_window_corner_a, co_window_cross_1,
          co_window_paths_a, co_window_paths_a, co_window_2corner,
          co_window_corner_ca, co_window_corner_cb, co_window_cross_2,
          glass_columns_b, glass_columns_b, minmay_guarded_unrand_finisher
D:12:     layout_basic, minivault_5
D:13:     layout_rooms, minmay_splitting_lines
D:14:     layout_irregular_city, david_vaults_5, minmay_tree_intersection,
          uniq_josephine, uniq_agnes
D:15:     gammafunk_enter_depths_forms, layout_rooms, special_room
          [special_room_orc], wad_floor_pattern_2, serial_shops,
          nicolae_shop_waterfront, minmay_misc_feat_enclosed,
          jmf_multi_god_temple2
Temple:   compressed_dpeg_circular_temple
Lair:1:   lemuel_ratsnest, layout_regular_city,
          gammafunk_ghost_berserking_beasts, serial_bayou_shore_a
Lair:2:   layout_regular_city, spider_nest_entry_rubble, basic_altar,
          uniq_harold
Lair:3:   layout_roguey, basic_altar
Lair:4:   layout_gridlike, skrybe_swamp_entry_bodies,
          ebering_ghost_funeral_grove, chequers_serial_rivers_micro_c
Lair:5:   layout_loops_ring, slime_dummy, lemuel_fruit_fields
Lair:6:   evilmike_catoblepas_cave, layout_small_grid,
          grunt_forest_large_clearings
Swamp:1:  layout_basic_swamp, evilmike_swamp_ruin_house_3, swamp_pool4
Swamp:2:  layout_basic_swamp, nicolae_swamp_feature_on_the_river_bank
Swamp:3:  layout_basic_swamp, hangedman_swamp_ruin_wall
Swamp:4:  swamp, layout_basic_swamp, swamp_pool4
Spider:1: layout_spider_delve
Spider:2: layout_spider_delve
Spider:3: layout_spider_delve, lemuel_hornet_nest, nicolae_spider_cling_ruins
Spider:4: spider_rune_water, nicolae_spider_stair_cavern, uniq_arachne,
          uniq_roxanne
Orc:1:    lemuel_ogre_cave, layout_diamond_mine, serial_shops, shop,
          ebering_ghost_disaster_area
Orc:2:    st_orc_open, layout_diamond_mine
Elf:1:    minmay_elf_arrival_summoners, layout_loops_ring, serial_glass,
          glass_columns_a, glass_columns_a, minmay_strange_pillars,
          feat_on_display, due_unseen_surprise, feat_on_display,
          minmay_elf_sorcery, hangedman_elf_targetted_burst, drop_trap,
          minmay_misc_feat_rows
Elf:2:    layout_onion_city, serial_shops, shop
Elf:3:    minmay_elf_hall, layout_geoelf_octagon
Depths:1: minmay_spriggan_fort, layout_cross, pf_vacation_house_of_asmodeus,
          corexii_leaking_fountain, minmay_misc_feat_ornament,
          guppyfry_shop_earth
Depths:2: minmay_the_grid_square_5x5_3x3 [minmay_the_grid_square_5x5_dogpile,
          minmay_the_grid_square_5x5_two_walls_b,
          minmay_the_grid_square_5x5_moneybag,
          minmay_the_grid_square_5x5_sharp_hourglass,
          minmay_the_grid_square_5x5_megaprize_crossed,
          minmay_the_grid_square_5x5_tri_point, minmay_the_grid_square_5x5_n,
          minmay_the_grid_square_5x5_almost_minimal,
          minmay_the_grid_square_5x5_longway], layout_basic, special_room
          [special_room_magic_class], hell_entry, nicolae_sextant,
          abyss_entry_flame_altar, uniq_enchantress, uniq_bai_suzhen
Depths:3: nooodl_heptagram, layout_cave_pools, minmay_misc_feat_nine_boxes,
          rand_demon_pan_entry_8, pf_hell_entry_tar_river,
          infiniplex_staircase_zigzag_3

Skill      XL: |  1  2  3  4  5  6  7  8  9 10 11 12 13 14 15 16 17 18 19 20 21 |
---------------+----------------------------------------------------------------+-----
Fighting       | 1 2 3 4 6 7 9 10 12 13 14 | 14.1
Conjurations   | 5 6 7 8 10 11 12 13 | 13.2
Spellcasting   | 3 4 5 6 7 8 9 10 11 12 13 14 17 18 | 18.9
Necromancy     | 4 8 10 11 12 13 | 13.3
Dodging        | 4 5 7 8 10 | 10.7
Evocations     | 3 5 6 8 9 |  9.2
Air Magic      | 2 7 9 11 13 15 16 | 16.3
Short Blades   | 2 8 11 13 15 16 | 16.0
Maces & Flails | 2 4 5 |  5.4
Shields        | 2 4 5 |  5.3
Polearms       | 2 4 5 |  5.3
Stealth        | |  1.7

Action                   |  1- 3 |  4- 6 |  7- 9 | 10-12 | 13-15 | 16-18 | 19-21 || total
-------------------------+-------+-------+-------+-------+-------+-------+-------++-------
Melee: Dagger            |    12 |    24 |    27 |       |       |       |       ||    63
       Tailslap          |     1 |     3 |     5 |    31 |    79 |    45 |    55 ||   219
       Flail             |       |       |    34 |   238 |   537 |   327 |   264 ||  1400
       Quick blade       |       |       |       |       |       |    24 |   120 ||   144
Throw: Dart              |       |       |    17 |       |     2 |       |       ||    19
       Throwing net      |       |       |       |       |       |     1 |       ||     1
 Cast: Magic Dart        |    99 |    91 |   173 |    35 |       |       |       ||   398
       Dazzling Spray    |       |    21 |    16 |     8 |     5 |    11 |       ||    61
       Iskenderun's Myst |       |       |    81 |    73 |    41 |    33 |    11 ||   239
       Bolt of Draining  |       |       |       |   120 |   351 |   420 |   249 ||  1140
       Shock             |       |       |       |    31 |   354 |   191 |    15 ||   591
       Lightning Bolt    |       |       |       |       |    57 |   134 |   139 ||   330
       Airstrike         |       |       |       |       |    74 |   439 |   389 ||   902
       Animate Dead      |       |       |       |       |     4 |       |     1 ||     5
       Dispel Undead     |       |       |       |       |    33 |       |    30 ||    63
Invok: Brand Weapon With |       |       |       |       |       |     1 |       ||     1
 Abil: Breathe Lightning |       |       |       |       |     2 |     4 |     2 ||     8
       Evoke Invisibilit |       |       |       |       |     1 |     5 |       ||     6
       Fly               |       |       |       |       |       |     3 |       ||     3
       Stop Flying       |       |       |       |       |       |     2 |       ||     2
Evoke: Wand              |       |       |     2 |     1 |     2 |    33 |    11 ||    49
       Lightning rod     |       |       |       |       |       |     4 |       ||     4
       Box of beasts     |       |       |       |       |       |     1 |     1 ||     2
  Use: Scroll            |     1 |     7 |     9 |     8 |    10 |    20 |    18 ||    73
       Potion            |       |       |       |       |     1 |     8 |     4 ||    13
 Stab: Invisible         |       |     5 |     3 |     2 |     1 |       |       ||    11
       Paralysed         |       |       |     2 |     2 |       |    15 |       ||    19
       Sleeping          |       |       |       |     1 |     1 |     1 |       ||     3
       Distracted        |       |       |       |       |     1 |       |       ||     1
  Eat: Chunk             |     7 |     2 |    28 |    46 |   104 |    41 |    46 ||   274
       Ration            |       |     2 |     2 |     6 |    14 |    31 |     8 ||    63
Armor: Skin              |     6 |    10 |    38 |    94 |   396 |   410 |   246 ||  1200
Dodge: Dodged            |    20 |    33 |   103 |   251 |  1092 |  1015 |   663 ||  3177
Block: Buckler           |       |       |       |       |       |       |   254 ||   254

Table legend:
 A = Non-vault XP
 B = Vault XP
 C = Vault XP percentage of total XP
 D = Non-vault monster count
 E = Vault monster count
 F = Vault count percentage of total count
                 A         B        C        D         E       F
            +---------+---------+-------+---------+---------+-------
      Total |  309666 |  343740 |  52.6 |     995 |     553 |  35.7
            +---------+---------+-------+---------+---------+-------
        D:1 |      22 |       0 |   0.0 |      12 |       0 |   0.0
        D:2 |      42 |      17 |  28.8 |      19 |       2 |   9.5
        D:3 |     359 |      74 |  17.1 |      28 |       2 |   6.7
        D:4 |     477 |     191 |  28.6 |      22 |       1 |   4.3
        D:5 |     645 |       0 |   0.0 |      20 |       0 |   0.0
        D:6 |     411 |       0 |   0.0 |       7 |       0 |   0.0
        D:7 |     401 |       0 |   0.0 |      10 |       0 |   0.0
        D:8 |    2040 |     857 |  29.6 |      28 |       4 |  12.5
        D:9 |    4023 |    3087 |  43.4 |      36 |      11 |  23.4
       D:10 |    1451 |    2281 |  61.1 |      15 |      21 |  58.3
       D:11 |    4757 |     621 |  11.5 |      36 |       3 |   7.7
       D:12 |    5112 |       0 |   0.0 |      29 |       0 |   0.0
       D:13 |   10940 |     423 |   3.7 |      41 |       2 |   4.7
       D:14 |   10116 |    4385 |  30.2 |      27 |       8 |  22.9
       D:15 |   22180 |   13045 |  37.0 |      45 |      41 |  47.7
     Lair:1 |    4285 |    3826 |  47.2 |      19 |      47 |  71.2
     Lair:2 |    4204 |    1230 |  22.6 |      17 |       2 |  10.5
     Lair:3 |    5668 |       0 |   0.0 |      26 |       0 |   0.0
     Lair:4 |    6498 |    2449 |  27.4 |      18 |       8 |  30.8
     Lair:5 |    2194 |    3926 |  64.2 |      12 |      20 |  62.5
     Lair:6 |    2783 |   11673 |  80.7 |      10 |      45 |  81.8
    Swamp:1 |    7749 |       0 |   0.0 |      21 |       0 |   0.0
    Swamp:2 |   25724 |       0 |   0.0 |      53 |       0 |   0.0
    Swamp:3 |    9834 |    2685 |  21.4 |      27 |       3 |  10.0
    Swamp:4 |    7407 |   12636 |  63.0 |      22 |      21 |  48.8
   Spider:1 |    7318 |       0 |   0.0 |      21 |       0 |   0.0
   Spider:2 |   15198 |       0 |   0.0 |      39 |       0 |   0.0
   Spider:3 |    8771 |    3069 |  25.9 |      25 |      11 |  30.6
   Spider:4 |   24827 |   26798 |  51.9 |      78 |      45 |  36.6
      Orc:1 |    1587 |    5749 |  78.4 |      20 |      15 |  42.9
      Orc:2 |    2878 |   14670 |  83.6 |      39 |      36 |  48.0
      Elf:1 |   25206 |   15234 |  37.7 |      47 |      23 |  32.9
      Elf:2 |   10547 |   22062 |  67.7 |      15 |      26 |  63.4
      Elf:3 |   16813 |   49204 |  74.5 |      28 |      28 |  50.0
   Depths:1 |   18517 |   28413 |  60.5 |      26 |      36 |  58.1
   Depths:2 |   28404 |   68403 |  70.7 |      33 |      64 |  66.0
   Depths:3 |   10278 |   46732 |  82.0 |      24 |      28 |  53.8
            +---------+---------+-------+---------+---------+-------
